 Dungeon Crawl Stone Soup version 0.18-a0-1800-gdc7a371 (webtiles) character file.

172 epen the Insei (level 5, -5/36 HPs)
             Began as an Octopode Monk on Apr 24, 2016.
             Slain by an ogre
             ... wielding a +0 giant club
              (28 damage)
             ... in the Ecumenical Temple.
             The game lasted 00:03:14 (2132 turns).

epen the Insei (Octopode Monk)                      Turns: 2132, Time: 00:03:14

Health: -5/36      AC:  1    Str: 10    XL:     5   Next: 53%
Magic:  5/5        EV: 14    Int: 12    God:
Gold:   141        SH:  0    Dex: 16    Spells: 0 memorised, 4 levels left

rFire  . . .     SeeInvis .       - Unarmed
rCold  . . .     Gourm    .     (no shield)
rNeg   . . .     Faith    .     (helmet restricted)
rPois  .         Spirit   .     (no amulet)
rElec  .         Dismiss  .     (no ring)
rCorr  .         Reflect  .     (no ring)
SustAt .         Harm     .     (no ring)
MR     .....                    (no ring)
Stlth  +++++.....               (no ring)
                                (no ring)
                                (no ring)
                                (no ring)

@: not resistant to hostile enchantments, quite stealthy
A: almost no armour, amphibious, 8 rings, constrict 8, camouflage 1, gelatinous
body 1
a: no special abilities


You were in the Ecumenical Temple.
You were hungry.

You visited 2 branches of the dungeon, and saw 5 of its levels.

You collected 141 gold pieces.

Inventory:

Jewellery
 i - an uncursed ring of fire {unknown}
Scrolls
 c - 2 scrolls of identify {unknown}
 d - a scroll of remove curse {unknown}
 h - a scroll of enchant weapon {unknown}
 j - a scroll of enchant armour {unknown}
 n - a scroll of blinking {unknown}
 o - a scroll of teleportation {unknown}
Potions
 e - 3 potions of flight {unknown}
 g - a potion of invisibility {unknown}
 k - a potion of berserk rage {unknown}
 l - a potion of degeneration {unknown}
 m - a potion of cure mutation {unknown}
Comestibles
 a - 2 bread rations
 b - a beef jerky
 f - 3 meat rations


   Skills:
 + Level 3.6 Fighting
 * Level 4.2 Dodging
 + Level 3.5 Stealth
 * Level 5.1 Unarmed Combat


You had 4 spell levels left.
You didn't know any spells.

Dungeon Overview and Level Annotations

Branches:
Dungeon (4/15)             Temple (1/1) D:4

Altars:
Dithmenos
Makhleb
Okawaru


Innate Abilities, Weirdness & Mutations

You cannot wear most types of armour.
You are amphibious.
You can wear up to eight rings at the same time.
You can use your tentacles to constrict eight enemies at once.
Your skin changes colour to match your surroundings (Stealth).
Your rubbery body absorbs attacks (AC +1).


Message History

You spend a moment contemplating the meaning of life.
Found a stone staircase leading down.
Found a robe.
Found a staircase to the Ecumenical Temple.
No target in view!
No target in view!
An ogre comes into view. It is wielding a giant club.
The ogre shouts!
There is a fountain of sparkling water here.
The ogre closely misses you.
There is a staircase to the Ecumenical Temple here.
You can't go up here!
The ogre closely misses you.
You climb downwards.
Welcome to the Ecumenical Temple!
Found three altars.
There is a staircase back to the Dungeon here.
The ogre hits you with a giant club! The ogre hits you with a giant club!!
Ouch! That really hurt!
You die...

♣♣♣♣♣♣♣♣♣♣♣♣♣♣♣♣♣♣
≈≈≈≈≈≈≈<≈≈≈≈≈≈@≈≈♣
#.#.#.#.#.#.#.#O≈♣
.............≈♣
####...####.#.≈♣
...... #...≈♣
........ #.#.≈♣
........ #...≈♣
#8._._._.8#.#.≈♣
..≈♣


You could see an ogre.

Vanquished Creatures
  An orc priest (D:3)
  5 adders
  2 worms (D:3)
  3 dart slugs (D:1)
  5 giant geckos
  7 orcs (D:3)
  8 bats
  3 giant cockroaches
  8 goblins
  13 hobgoblins
  5 kobolds
  A ball python (D:3)
  5 giant newts
  10 rats
76 creatures vanquished.

Notes
Turn   | Place    | Note
--------------------------------------------------------------
     0 | D:1      | epen the Octopode Monk began the quest for the Orb.
     0 | D:1      | Reached XP level 1. HP: 16/16 MP: 1/1
    49 | D:1      | Reached XP level 2. HP: 13/21 MP: 2/2
   364 | D:1      | Reached XP level 3. HP: 19/26 MP: 3/3
   601 | D:2      | Found a faded altar to an unknown god.
   986 | D:2      | Reached XP level 4. HP: 31/31 MP: 4/4
  1471 | D:3      | Reached XP level 5. HP: 32/36 MP: 5/5
  1475 | D:3      | Reached skill level 5 in Unarmed Combat
  2112 | D:4      | Found a staircase to the Ecumenical Temple.
  2113 | D:4      | Noticed an ogre
  2121 | Temple   | Entered the Ecumenical Temple
  2132 | Temple   | Slain by an ogre

Vault maps used:
D:1:      ncdulo_halloftheorcs, minmay_cut_off
D:2:      ecumenical_altar_2, kennysheep_generic_room_6
D:3:      first_bread
D:4:      lemuel_coloured_pillars_altar, temple_fountains,
          okawaru_metal_pillars_1_2
Temple:   lightli_temple_of_artemis

Skill      XL: |  1  2  3  4  5 |
---------------+----------------+-----
Stealth        | 3 |  3.5
Dodging        | 4 |  4.2
Unarmed Combat | 5 |  5.1
Fighting       | |  3.6

Action                   |  1- 3 |  4- 6 || total
-------------------------+-------+-------++-------
Melee: Unarmed           |    60 |    80 ||   140
       Constrict         |    14 |    21 ||    35
       Tentacles         |     8 |    15 ||    23
       Punch             |       |     1 ||     1
 Stab: Sleeping          |    13 |    10 ||    23
  Eat: Chunk             |       |     3 ||     3
Armor: Skin              |     1 |     3 ||     4
Dodge: Dodged            |    25 |    46 ||    71
